 Dungeon Crawl Stone Soup version 0.30.1-11-g7821555f0a (webtiles) character file.

Game seed: 16504706860851984261

4033 bnorton916 the Thaumaturge (level 10, -1/50 HPs)
             Began as a Deep Elf Fire Elementalist on Nov 27, 2023.
             Asphyxiated
             ... on level 9 of the Dungeon.
             The game lasted 00:18:28 (14978 turns).

bnorton916 the Thaumaturge (DEFE)                  Turns: 14978, Time: 00:18:30

Health: -1/50      AC:  9    Str:  5    XL:     10   Next: 4%
Magic:  25/26      EV: 12    Int: 25    God:
Gold:   462        SH:  0    Dex: 15    Spells: 16/30 levels left

rFire   . . .        (no weapon)
rCold   . . .        (no shield)
rNeg    . . .        a - +0 robe
rPois   .            (no helmet)
rElec   .            k - +0 cloak
rCorr   .            p - +1 pair of gloves
SInv    .            (no boots)
Will    +....        y - amulet of magic regeneration
Stlth   ++           r - +4 ring of protection
HPRegen 0.28/turn    (no ring)
MPRegen 0.60/turn

%: no passive effects
@: lethally poisoned (-1 -> -17), slowed, very slow
A: no striking features
a: no special abilities


You were on level 9 of the Dungeon.
You visited 2 branches of the dungeon, and saw 10 of its levels.

You collected 462 gold pieces.

Inventory:

Hand Weapons
 i - the +4 war axe of Foehoim {flame, +Blink rF++ Will+ Int-5}
   (You took it off a goblin on level 2 of the Dungeon)

   Int:       It affects your intelligence (-5).
   rF:        It greatly protects you from fire.
   +Blink:    It lets you blink.
   Will:      It increases your willpower.
 E - a +4 dagger
Missiles
 G - 9 poisoned darts
Armour
 a - a +0 robe (worn)
 k - a +0 cloak (worn)
 p - a +1 pair of gloves (worn)
 t - a scarf of invisibility
Jewellery
 l - an amulet of faith
 r - a +4 ring of protection (left hand)
 s - a ring of ice
 y - an amulet of magic regeneration (around neck)
Wands
 f - a wand of iceblast (14)
 g - a wand of paralysis (20)
 m - a wand of digging (4)
 D - a wand of quicksilver (9)
Scrolls
 c - 3 scrolls of immolation
 q - a scroll of noise
 v - 5 scrolls of fear
 x - a scroll of teleportation
 z - a scroll of poison {unknown}
Potions
 b - 2 potions of magic
 d - 3 potions of mutation
 e - 3 potions of brilliance
 h - 3 potions of lignification
 j - a potion of resistance
 n - 2 potions of heal wounds
 o - 2 potions of attraction
 u - 2 potions of flight {unknown}
 w - 3 potions of berserk rage
 A - 3 potions of haste {unknown}
 B - a potion of curing {unknown}
 C - a potion of might {unknown}
 F - 2 potions of degeneration {unknown}


   Skills:
 - Level 2.4 Dodging
 - Level 2.4 Stealth
 - Level 10.8 Spellcasting
 + Level 9.0 Conjurations
 + Level 4.9 Hexes
 + Level 4.0 Summonings
 - Level 4.5 Translocations
 - Level 6.9 Fire Magic


You had 16 spell levels left.
You knew the following spells:

 Your Spells              Type           Power      Damage    Failure   Level
a - Foxfire               Conj/Fire      100%       2x1d9     1%          1
b - Scorch                Fire           96%        2d9       1%          2
c - Volatile Blastmotes   Fire/Tloc      84%        2d17      1%          3
d - Flame Wave            Conj/Fire      52%        2d13      1%          4
e - Fulminant Prism       Conj/Hex       24%        3d12      2%          4

Your spell library contained the following spells:

 Spells                   Type           Power      Damage    Failure   Level
 Inner Flame              Hex/Fire       43%        N/A       1%          3
 Iskenderun's Mystic Bla  Conj/Tloc      47%        2d10      2%          4
 Passage of Golubria      Tloc           36%        N/A       7%          4
 Summon Mana Viper        Hex/Summ       35%        N/A       21%         5
 Summon Forest            Summ/Tloc      17%        N/A       22%         5
 Silence                  Hex/Air        12%        N/A       41%         5
 Lee's Rapid Deconstruct  Erth           6%         3d6*      77%         5
 Summon Cactus Giant      Summ           16%        N/A       78%         6
 Lehudib's Crystal Spear  Conj/Erth      18%        10d5      100%        8


Dungeon Overview and Level Annotations

Branches:
Dungeon (9/15)             Temple (1/1) D:4
   Lair: D:8-11         Orc: D:9-12

Altars:
Ashenzari
Cheibriados
Dithmenos
Fedhas
Hepliaklqana
Kikubaaqudgha
Makhleb
Nemelex Xobeh
Okawaru
Ru
Sif Muna
Trog
Uskayaw
Wu Jian
Xom
Yredelemnul
Zin
The Shining One

Shops:
D:1 (


Message History

You are more poisoned.
You have difficulty breathing.
You feel as though you will be slow longer.
You feel very sick.
The orc priest mumbles some strange prayers to Beogh against you.
Beogh smites you!
You feel very sick.
The kobold brigand throws a curare-tipped dart.
The curare-tipped dart hits you.
You are lethally poisoned!
You have difficulty breathing.
* * * LOW HITPOINT WARNING * * *
You feel as though you will be slow longer.
You see here 6 stones.
Casting: Scorch (safe; 1% risk of failure)
Confirm with . or Enter, or press ? or * to list all spells.
Aiming: Fulminant Prism (dangerous; 2% risk of failure)
Press: ? - help, Dir - move target You conjure a prism of explosive energy!
A fulminant prism comes into view.
* * * LOW HITPOINT WARNING * * *
You feel very sick.
The kobold brigand hits you but does no damage.
You feel much better.
You feel very sick.
Your fulminant prism crackles loudly.
The kobold brigand hits you with a +0 dagger.
* * * LOW HITPOINT WARNING * * *
You feel very sick.
Your fulminant prism explodes!
The blast of energy engulfs the kobold!
You kill the kobold!
The blast of energy engulfs the kobold brigand!!
The kobold brigand is almost dead.
The blast of energy engulfs the kobold!
You kill the kobold!
The kobold brigand throws a curare-tipped dart.
The curare-tipped dart hits you.
You are lethally poisoned!
You have difficulty breathing.
You die...

#.........#..
#.........#
#.........#
#........##
######'###
#.......#
#.......#
#.......#
#.....@.#
#...##(.#
#...##K)##
#.KT.)...#
#........#
..oo.)......#
...#)########
..... .....


You could see a kobold brigand.

Vanquished Creatures
  Prince Ribbit (D:6)
  A wraith (D:5)
  Sigmund (D:6)
  Eustachio (D:6)
  A water moccasin (D:8)
  2 ice beasts
  A black bear (D:4)
  2 ogres
  2 centaurs
  A phantom (D:6)
  2 kobold brigands (D:8)
  3 bullfrogs
  5 scorpions
  10 wights
  10 killer bees
  4 jellies
  2 hounds
  5 orc priests
  3 sleepcaps
  6 iguanas
  7 orc wizards
  4 gnolls (D:3)
  6 adders
  A shadow imp (D:5)
  2 white imps (D:7)
  2 ufetubi
  2 worms
  3 dart slugs (D:1)
  25 orcs
  7 bats
  10 endoplasms
  6 giant cockroaches
  7 goblins
  5 hobgoblins
  6 jackals
  17 kobolds
  6 quokkas
  9 ball pythons
  4 frilled lizards
  4 rats
196 creatures vanquished.

Vanquished Creatures (others)
  623 foxfires
  A fulminant prism (D:9)
624 creatures vanquished.

Grand Total: 820 creatures vanquished

Notes
Turn   | Place    | Note
-------+----------+-------------------------------------------
     0 | D:1      | bnorton916 the Deep Elf Fire Elementalist began the quest
                  | for the Orb.
     0 | D:1      | Reached XP level 1. HP: 10/10 MP: 6/6
   225 | D:1      | Reached XP level 2. HP: 15/15 MP: 4/8
  1204 | D:1      | Found Elirro's Weapon Shop.
  1283 | D:1      | Reached XP level 3. HP: 19/19 MP: 7/10
  1404 | D:1      | Learned a level 2 spell: Scorch
  1917 | D:2      | Reached skill level 4 in Spellcasting
  2536 | D:2      | Found a faded altar of an unknown god.
  2600 | D:2      | Reached XP level 4. HP: 24/24 MP: 2/12
  3481 | D:3      | Identified the +4 war axe of Foehoim {flame, +Blink rF++
                  | Will+ Int-5}
  3914 | D:3      | Reached XP level 5. HP: 28/28 MP: 11/14
  4737 | D:4      | Reached skill level 5 in Spellcasting
  5188 | D:4      | Reached skill level 5 in Fire Magic
  5188 | D:4      | Reached XP level 6. HP: 6/32 MP: 7/16
  6167 | D:4      | Found a staircase to the Ecumenical Temple.
  6174 | Temple   | Entered the Ecumenical Temple
  6364 | D:5      | Entered Level 5 of the Dungeon
  6389 | D:5      | Reached skill level 6 in Spellcasting
  6565 | D:5      | Reached XP level 7. HP: 27/36 MP: 13/18
  6614 | D:5      | Noticed a wraith
  7101 | D:5      | Reached skill level 1 in Summonings
  7242 | D:5      | Learned a level 3 spell: Volatile Blastmotes
  7337 | D:5      | Reached skill level 5 in Conjurations
  7819 | D:5      | Found a bloodstained altar of Trog.
  8130 | D:5      | Killed a wraith
  8131 | D:5      | Reached skill level 7 in Spellcasting
  8193 | D:5      | Found an ancient bone altar of Kikubaaqudgha.
  8484 | D:5      | Reached XP level 8. HP: 41/41 MP: 13/20
  8625 | D:6      | Noticed Prince Ribbit
  8659 | D:6      | Killed Prince Ribbit
  9066 | D:6      | Learned a level 4 spell: Flame Wave
  9179 | D:6      | Reached skill level 8 in Spellcasting
  9179 | D:6      | Reached skill level 1 in Translocations
  9303 | D:6      | Noticed Sigmund
  9309 | D:6      | Killed Sigmund
  9571 | D:6      | Reached XP level 9. HP: 44/45 MP: 17/23
  9635 | D:6      | Reached skill level 9 in Spellcasting
 10133 | D:6      | Noticed Eustachio
 10160 | D:6      | Killed Eustachio
 11238 | D:7      | Found a broken altar of Ashenzari.
 11238 | D:7      | Found a snail-covered altar of Cheibriados.
 11240 | D:7      | Found an iron altar of Okawaru.
 11993 | D:8      | Learned a level 4 spell: Fulminant Prism
 12034 | D:8      | Reached skill level 1 in Hexes
 12104 | D:7      | HP: 2/45 [poisoned by a killer bee]
 12376 | D:7      | Reached skill level 10 in Spellcasting
 14278 | D:8      | Reached XP level 10. HP: 23/50 MP: 19/26
 14978 | D:9      | Asphyxiated

Illustrated notes

Levels and vault maps discovered:
D:1:      roderic_chinese_lattice_arrival, layout_basic, serial_shops,
          nicolae_shop_bloodbath_and_beyond, hex_large
D:2:      layout_loops_ring, chequers_ecumenical_altar_lobes,
          nicolae_concentric_dashed_squares_wild, minmay_tree_intersection
D:3:      layout_rooms, minmay_unequal
D:4:      layout_basic, minmay_temple_entry_nine_rooms
D:5:      minmay_chambers_of_fours, layout_loops_ring, trog_butcher_becter,
          mainiacjoe_overflow_alcove_1
D:6:      layout_basic, gup_sewer_entry_pipe,
          hangedman_abyss_or_decor_lesser_grid, uniq_prince_ribbit1,
          uniq_eustachio, uniq_sigmund
D:7:      layout_basic, chequers_temple_overflow_statue_of_worship,
          serial_corexii_hall, chequers_hall_statues_wall_a,
          corexii_hall_statues_i, corexii_hall_statues_l,
          chequers_hall_statues_y
D:8:      layout_gridville
D:9:      layout_gridville, uniq_harold, uniq_maurice
Temple:   bh_familiar_temple

Skill      XL: |  1  2  3  4  5  6  7  8  9 10 |
---------------+-------------------------------+-----
Conjurations   | 2 3 4 5 7 8 9 |  9.0
Spellcasting   | 4 5 6 7 8 10 | 10.8
Fire Magic     | 4 5 6 |  6.9
Summonings     | 2 3 4 |  4.0
Translocations | 3 4 |  4.5
Hexes          | 4 |  4.9
Dodging        | |  2.4
Stealth        | |  2.4

Action                     |  1- 3 |  4- 6 |  7- 9 | 10-12 || total
---------------------------+-------+-------+-------+-------++-------
   Cast: Foxfire           |   103 |    86 |   169 |    16 ||   374
         Scorch            |     4 |    36 |   112 |     2 ||   154
         Volatile Blastmot |       |       |    11 |     1 ||    12
         Fulminant Prism   |       |       |       |     1 ||     1
         Flame Wave        |       |       |       |     1 ||     1
  Evoke: Wand              |       |       |     3 |       ||     3
    Use: Scroll            |       |       |    15 |       ||    15
         Potion            |       |       |       |     1 ||     1
 Armour: Robe              |       |    13 |    76 |     7 ||    96
  Dodge: Dodged            |     3 |    24 |   100 |    10 ||   137
